 Dungeon Crawl Stone Soup version 0.19.1 (webtiles) character file.

76 Pixllover the Cudgeler (level 4, 0/45 HPs)
             Began as a Troll Berserker on Dec 22, 2016.
             Was a Believer of Trog.
             Slain by a giant cockroach (2 damage)
             ... on level 3 of the Dungeon.
             The game lasted 00:07:07 (1704 turns).

Pixllover the Cudgeler (Troll Berserker)            Turns: 1704, Time: 00:07:08

Health: 0/45       AC:  5    Str: 24 (26) XL:     4   Next: 12%
Magic:  3/3        EV: 10    Int:  3      God:    Trog [**....]
Gold:   85         SH:  0    Dex:  7 (9)  Spells: 0 memorised, 3 levels left

rFire  . . .     SeeInvis .     a - +0 mace
rCold  . . .     Gourm    +     h - +0 robe {rN+}
rNeg   + . .     Faith    .     (no shield)
rPois  +         Spirit   .     (helmet restricted)
rElec  .         Reflect  .     (no cloak)
rCorr  .         Harm     .     (gloves unavailable)
MR     .....                    (boots unavailable)
Stlth  +.........               (no amulet)
                                (no ring)
                                n - ring of poison resistance

@: lethally poisoned (0 -> 0)
A: unfitting armour, claws 3, fast metabolism 3, gourmand, regeneration 1,
shaggy fur 1, tough skin 2
a: Berserk, Trog's Hand, Burn Spellbooks, Renounce Religion


You were on level 3 of the Dungeon.
You worshipped Trog.
Trog was pleased with you.
You were near starving.

You visited 1 branch of the dungeon, and saw 3 of its levels.

You collected 85 gold pieces.

Inventory:

Hand Weapons
 a - a +0 mace (weapon)
 j - a +0 hunting sling
Missiles
 c - 9 poisoned needles
 e - 21 sling bullets
 k - 62 stones (quivered)
Armour
 b - a +0 animal skin
 h - a +0 robe of positive energy (worn)
Jewellery
 n - a ring of poison resistance (left claw)
Scrolls
 p - a scroll of random uselessness {unknown}
Potions
 i - a potion of curing {unknown}
 m - a potion of haste
 o - a potion of agility {unknown}
Comestibles
 d - a slice of pizza
 f - a meat ration
 g - a bread ration
 l - a royal jelly
 r - 4 chunks of flesh


   Skills:
 + Level 3.1 Fighting
 + Level 3.4 Maces & Flails
 + Level 2.9 Dodging


You had 3 spell levels left.
You didn't know any spells.

Dungeon Overview and Level Annotations

Branches:
Dungeon (3/15)

Altars:
Uskayaw


Innate Abilities, Weirdness & Mutations

You are too large for most types of armour.
You have claws for hands.
Your metabolism is lightning-fast.
You like to eat raw meat.
Your natural rate of healing is unusually fast.
You are covered in fur. (AC +1)
You have very tough skin. (AC +2)


Message History

Trog accepts your kill.
You are near starving!
You feel sick. The adder barely misses you. The giant cockroach bites you.
The kobold hits you with a dagger. The adder barely misses you. x2
Things that are here:
a club; a goblin corpse You feel sick.
The adder bites you.
You closely miss the giant cockroach. The giant cockroach bites you.
The adder bites you. The giant cockroach bites you.
* * * LOW HITPOINT WARNING * * *
The adder bites you.
* * * LOW HITPOINT WARNING * * *
You feel sick.
You're too hungry.
You barely miss the giant cockroach. The adder misses you.
The giant cockroach closely misses you. The adder bites you.
* * * LOW HITPOINT WARNING * * *
The giant cockroach bites you.
You die...

#####. ..# #.....# #.....
###.# #.....#
#+#.....##.#..###.....#
..........##..........######
..........###.........'.....
........#.#)#...#.....######
..$.............#..####
.......#..S###..#....
.......?)Ks@....#.....
...####.#####.#.#....... #.#
#.#.#.[..... #.#
..#......... #.≈ ....######
≈≈≈ .# ≈≈≈ .⌠⌠≈


You could see an adder, a giant cockroach and a kobold.

Vanquished Creatures
  3 adders
  A dart slug (D:2)
  A leopard gecko (D:2)
  9 bats
  2 giant cockroaches
  12 goblins
  3 hobgoblins
  3 jackals (D:1)
  A quokka (D:2)
  2 frilled lizards
  2 kobolds
  4 rats
  5 plants (D:1)
48 creatures vanquished.

Notes
Turn   | Place    | Note
-------+----------+-------------------------------------------
     0 | D:1      | Pixllover the Troll Berserker began the quest for the Orb.
     0 | D:1      | Reached XP level 1. HP: 22/22 MP: 0/0
   309 | D:1      | Reached XP level 2. HP: 23/29 MP: 1/1
   963 | D:2      | Reached XP level 3. HP: 34/36 MP: 2/2
   967 | D:2      | Reached ** piety under Trog
  1105 | D:2      | Found a hide-covered altar of Uskayaw.
  1109 | D:2      | Found a faded altar of an unknown god.
  1680 | D:3      | Reached XP level 4. HP: 36/45 MP: 3/3
  1704 | D:3      | HP: 2/45 [adder (5)]
  1704 | D:3      | Slain by a giant cockroach

Skill      XL: |  1  2  3 |
---------------+----------+-----
Maces & Flails | 3 |  3.4
Fighting       | 3 |  3.1
Dodging        | |  2.9

Action                   |  1- 3 |  4- 6 || total
-------------------------+-------+-------++-------
Melee: Mace              |   341 |     8 ||   349
Throw: Stone             |     6 |       ||     6
Invok: Berserk           |     1 |       ||     1
  Use: Scroll            |     3 |       ||     3
       Potion            |     2 |       ||     2
  Eat: Chunk             |     5 |       ||     5
       Bread ration      |     2 |       ||     2
Armor: Animal skin       |    34 |       ||    34
       Robe              |    44 |     3 ||    47
Dodge: Dodged            |   106 |    11 ||   117
